 Dungeon Crawl Stone Soup version 0.31-a0-459-gc8a9bf3d51 (webtiles) character file.

Game seed: 8968708155062510514

43 Ethylacetat the Insei (level 3, 0/20 HPs)
             Began as a Vine Stalker Monk on Aug 4, 2023.
             Slain by a goblin
             ... wielding a +0 dagger
             ... led by Robin
              (1 damage)
             ... on level 2 of the Dungeon.
             The game lasted 00:01:39 (747 turns).

Ethylacetat the Insei (Vine Stalker Monk)            Turns: 747, Time: 00:01:39

Health: 0/20       AC:  2    Str: 13    XL:     3   Next: 58%
Magic:  0/5        EV: 13    Int: 10    God:
Gold:   12         SH:  0    Dex: 18    Spells: 4/4 levels left

rFire   . . .        h - +1 dagger (venom)
rCold   . . .        c - orb {light}
rNeg    . . .        a - +0 robe
rPois   .            (no helmet)
rElec   .            (no cloak)
rCorr   .            (no gloves)
SInv    .            (no boots)
Will    .....        (no amulet)
Stlth   +            (no ring)
HPRegen 0.23/turn    (no ring)
MPRegen 0.09/turn

%: guardian spirit
@: glowing
A: fangs 2, magic shield, antimagic bite, no potion heal 2
a: no special abilities


You were on level 2 of the Dungeon.
You visited 1 branch of the dungeon, and saw 2 of its levels.

You collected 12 gold pieces.

Inventory:

Hand Weapons
 h - a +1 dagger of venom (weapon)
Armour
 a - a +0 robe (worn)
 c - an orb of light (worn)
Jewellery
 g - a ring of poison resistance
Scrolls
 d - a scroll of blinking {unknown}
 e - 2 scrolls of immolation {unknown}
 f - 2 scrolls of identify {unknown}
 i - a scroll of brand weapon {unknown}
 j - a scroll of vulnerability {unknown}
Potions
 b - a potion of ambrosia


   Skills:
 + Level 3.1 Fighting
 - Level 2.4 Dodging
 * Level 3.8 Unarmed Combat
 + Level 1.2 Spellcasting


You had 4 spell levels left.
You didn't know any spells.
Your spell library contained the following spells:

 Spells                   Type           Power      Damage    Failure   Level
 Summon Small Mammal      Summ           0%         N/A       34%         1
 Call Canine Familiar     Summ           0%         N/A       71%         3
 Summon Guardian Golem    Hex/Summ       0%         N/A       71%         3


Dungeon Overview and Level Annotations

Branches:
Dungeon (2/15)

Altars:


Innate Abilities, Weirdness & Mutations

You have extremely sharp teeth.
When hurt, damage is shared between your health and your magic reserves.
Your bite disrupts and absorbs the magic of your enemies.
Potions cannot restore your health.


Message History

You hit Robin.
Robin looks as sick as possible!
You bite Robin. You drain their power.
You feel invigorated.
Robin is moderately wounded.
The goblin closely misses you. The hobgoblin hits you.
Robin hits you with a +0 spear. The hobgoblin attacks as you move away!
The hobgoblin closely misses you. Robin throws the goblin at you!
The goblin closely misses you. The goblin attacks as you move away!
The goblin closely misses you. The goblin barely misses you.
You see here a scroll labelled NIRAXT OFIZU.
You hit the hobgoblin but do no damage.
The hobgoblin is poisoned.
You bite the hobgoblin, but do no damage.
The goblin hits you but does no damage. The hobgoblin hits you.
Robin roars a battlecry!
The goblins go into a battle-frenzy!
You hit the hobgoblin.
You kill the hobgoblin!
The goblin completely misses you.
Robin hits you from afar with a +0 spear.
* * * LOW HITPOINT WARNING * * *
You barely miss the goblin. The goblin barely misses you.
The goblin hits you with a +0 club.
* * * LOW HITPOINT WARNING * * *
Robin throws the goblin at you!
You hit the goblin.
The goblin is poisoned.
The goblin is heavily wounded.
You kill Robin!
The goblin hits you with a +0 dagger.
* * * LOW HITPOINT WARNING * * *
The goblin misses you. The goblin closely misses you.
You hit the goblin.
You kill the goblin!
The goblin completely misses you. The goblin closely misses you.
You hit the goblin.
You kill the goblin!
The goblin hits you but does no damage. The hobgoblin misses you.
You hit the hobgoblin.
The hobgoblin is poisoned.
The hobgoblin is severely wounded.
The goblin hits you with a +0 dagger.
You die...

. #. .# .#. #. .#
..###. .# ..... .#
#g..###.####
(.g#@).##.#####
...###.#gg###.....#
..gg..)g......# #.#
.#.##g##).....###<#
.. #..........# ..#
#.....###### .#
##....# #.##.#
...##.#


You could see 2 hobgoblins and a goblin (strong).

Vanquished Creatures
  Robin (D:2)
  A dart slug (D:2)
  4 bats
  2 endoplasms (D:1)
  A giant cockroach (D:2)
  5 hobgoblins
  2 kobolds (D:1)
  3 quokkas (D:1)
  A frilled lizard (D:2)
  5 goblins
  A rat (D:1)
26 creatures vanquished.

Notes
Turn   | Place    | Note
-------+----------+-------------------------------------------
     0 | D:1      | Ethylacetat the Vine Stalker Monk began the quest for the
                  | Orb.
     0 | D:1      | Reached XP level 1. HP: 11/11 MP: 2/2
   104 | D:1      | Reached XP level 2. HP: 14/16 MP: 3/3
   418 | D:1      | Found a faded altar of an unknown god.
   724 | D:2      | Noticed Robin
   725 | D:2      | Reached skill level 1 in Spellcasting
   731 | D:2      | Reached XP level 3. HP: 13/20 MP: 1/5
   744 | D:2      | Killed Robin
   744 | D:2      | HP: 1/20 [goblin/+0 dagger[Robin] (2)]
   747 | D:2      | Slain by a goblin

Illustrated notes

Levels and vault maps discovered:
D:1:      erik_arrival_orb_chamber, layout_basic,
          dreamdust_ecumenical_altar_hidden_monk_grotto
D:2:      layout_basic, basic_altar, minmay_pentomino_v4, uniq_natasha,
          uniq_jessica, uniq_terence, uniq_robin

Skill      XL: |  1  2 |
---------------+-------+-----
Spellcasting   | 1 |  1.2
Fighting       | 3 |  3.1
Dodging        | |  2.4
Unarmed Combat | |  3.8

Action                     || total
---------------------------++-------
  Melee: Unarmed           ||     9
         Bite              ||    17
         Dagger            ||    47
 Armour: Robe              ||    10
  Dodge: Dodged            ||    41

Table legend: (Time is in decaauts)
 A = Elapsed time spent in this place.
 B = Non-inter-level travel time spent in this place.
 C = Inter-level travel time spent in this place.
 D = Time resting spent in this place.
 E = Time spent auto-exploring this place.
 F = Levels seen in this place.
 G = Mean time per level.
                   A        B        C        D        E       F      G
               +--------+--------+--------+--------+--------+-----+--------+
         Total |    747 |    718 |     29 |      0 |    586 |   2 |  373.5 |
       Dungeon |    747 |    718 |     29 |      0 |    586 |   2 |  373.5 |
               +--------+--------+--------+--------+--------+-----+--------+

Top non-repeatable levels by time:
     D:1: 706 daAuts
     D:2: 40 daAuts
